Map: Base du roi Sejong EC

Players

zidar

  • Race: Zerg Zerg
  • League: Gold
  • Spawn Location: 5:00

Mairo - Winner!

  • Race: Terran Terran
  • League: Gold
  • Spawn Location: 11:00

VOD

Have the link to the VOD?

Description

Time

  • Played on: July 3, 2016, 8:33 a.m.
  • Length: 8:00
Show
View Real Time Build Order
Export as new Build Order

zidar Zerg 

Build Orders: Hatch First 

Get SALT Encoding   

  12  0:02  Drone  
  13  0:12  Overlord  
  13  0:17  Drone  
  14  0:30  Drone x2  
  16  0:50  Hatchery  
  16  0:51  Drone  
  16  0:56  Extractor  
  15  0:57  Drone  
  16  1:15  Spawning Pool  
  15  1:29  Drone x2  
  15  1:31  Overlord  
  17  1:50  Drone  
  17  1:51  Drone  
  19  2:02  Queen  
  19  2:03  Queen  
  23  2:17  Zergling x4  
  23  2:18  Zergling x2  
  23  2:21  Metabolic Boost  
  26  2:28  Drone x2  
  28  2:31  Extractor  
  28  2:33  Drone  
  28  2:46  Pneumatized Carapace  
  28  2:50  Drone x3  
  31  2:53  Drone  
  32  3:05  Drone  
  33  3:09  Zergling x6  
  36  3:18  Baneling Nest  
  35  3:29  Lair  
  35  3:33  Drone  
  36  3:34  Overlord  
  36  3:35  Overlord  
  36  3:44  Overlord  
  36  3:59  Drone  
  36  4:00  Drone x6  
  43  4:16  Evolution Chamber  
  42  4:17  Queen  
  42  4:19  Evolution Chamber  
  43  4:26  Centrifical Hooks  
  43  4:36  Hatchery  
  42  4:56  Drone x2  
  42  4:57  Spire, Drone  
  42  4:58  Drone  
  45  5:02  Drone x3  
  45  5:03  Drone  
  45  5:06  Extractor  
  48  5:08  Extractor  
  48  5:11  Zerg Melee Weapons Level 1  
  48  5:13  Drone  
  48  5:14  Drone  
  48  5:16  Baneling x2  
  48  5:17  Baneling  
  48  5:19  Baneling  
  48  5:20  Baneling  
  49  5:27  Drone x3  
  49  5:28  Drone  
  53  5:34  Zerg Ground Armor Level 1  
  53  5:39  Drone x3  
  56  5:51  Drone x2  
  56  5:52  Drone  
  59  5:57  Zergling x14  
  66  6:07  Overlord x2  
  66  6:08  Overlord  
  66  6:26  Roach Warren  
  52  6:42  Zergling x24  
  65  6:51  Zergling x4  
  67  7:00  Zergling x8  
  68  7:03  Baneling x10  
  68  7:08  Roach  
  68  7:09  Roach  
  66  7:29  Roach x4  
  74  7:30  Roach x4  
Show
View Real Time Build Order
Export as new Build Order

Mairo Terran - Winner!

Build Orders: Command Center First (CC) 

Get SALT Encoding   

  12  0:01  SCV  
  13  0:13  SCV  
  14  0:17  Supply Depot  
  14  0:25  SCV  
  15  0:38  SCV  
  16  0:50  SCV  
  17  1:03  Command Center  
  17  1:05  SCV  
  18  1:17  SCV  
  19  1:20  Barracks  
  19  1:33  SCV  
  19  1:37  Barracks  
  20  1:49  Refinery  
  20  1:51  SCV  
  20  1:53  Refinery  
  21  2:07  Orbital Command  
  21  2:08  Marine  
  21  2:22  Orbital Command  
  22  2:25  Marine  
  22  2:26  Marine  
  24  2:36  Bunker  
  24  2:41  SCV  
  25  2:49  SCV  
  26  2:53  SCV  
  27  3:02  Barracks Tech Lab, SCV  
  27  3:05  Barracks Reactor  
  28  3:06  Factory  
  28  3:11  Supply Depot  
  28  3:12  SCV  
  29  3:17  SCV  
  30  3:25  Barracks  
  30  3:27  SCV  
  30  3:28  Engineering Bay  
  31  3:34  Supply Depot  
  31  3:35  SCV  
  31  3:39  SCV  
  33  3:46  Stimpack  
  33  3:58  Terran Infantry Weapons Level 1  
  33  4:00  Armory  
  33  4:01  Barracks Tech Lab  
  33  4:03  SCV  
  33  4:04  SCV  
  33  4:08  Supply Depot  
  33  4:09  Marine  
  36  4:10  Hellion  
  36  4:14  Barracks Reactor  
  36  4:16  SCV  
  39  4:20  Marine  
  39  4:22  Combat Shield  
  39  4:24  SCV  
  41  4:27  Marine  
  41  4:30  Supply Depot  
  42  4:38  Marine  
  43  4:40  Hellion x2  
  43  4:44  Marine  
  48  4:47  Terran Vehicle Weapons Level 1  
  48  4:52  Marine x2, Supply Depot  
  50  4:55  Marine  
  51  5:02  Marine  
  51  5:03  Hellion  
  51  5:04  Hellion  
  56  5:09  Marine  
  56  5:10  Marine  
  56  5:13  Marine  
  59  5:20  Marine  
  60  5:22  Supply Depot  
  60  5:25  Supply Depot, Hellion  
  60  5:26  Hellion  
  60  5:27  Marine  
  60  5:28  Marine  
  66  5:31  Marine  
  67  5:38  Marine  
  68  5:45  Marine  
  68  5:46  Marine, Hellion  
  68  5:47  Hellion  
  68  5:49  Marine  
  75  5:56  Marine  
  76  5:59  Supply Depot  
  76  6:00  Supply Depot  
  76  6:03  Marine x2  
  78  6:04  Starport  
  78  6:07  Marine, Hellion  
  78  6:09  Hellion  
  83  6:13  Marine  
  84  6:21  Marine x2  
  84  6:24  Marine  
  87  6:27  Liberator  
  87  6:29  Hellion  
  80  6:42  Marine x3  
  80  6:43  Marine  
  80  6:44  Hellion  
  89  6:55  Hellion  
  89  7:00  Marine x4  
  95  7:14  Hellion  
  97  7:17  Hellion  
  97  7:18  Marine x4  
  97  7:20  Supply Depot  
  99  7:24  Supply Depot  
  93  7:36  Marine x4  
Tags
 
Add a new tag
Caveats
  • Supply blocks, unpowered buildings, or Contaminate may cause inaccurate times.
  • Supply counts are checked every 10 seconds.